 Dungeon Crawl Stone Soup version 0.31-a0-931-g7b59d4eb97 (webtiles) character file.

Game seed: 10310524301855995134

5334 Pixllover the Cleaver (level 10, -4/139 HPs)
             Began as a Hill Orc Monk on Oct 19, 2023.
             Was the Champion of Zin.
             Slain by an 11-headed hydra (5 damage)
             ... on level 9 of the Dungeon.
             The game lasted 00:16:02 (7848 turns).

Pixllover the Cleaver (Hill Orc Monk)               Turns: 7848, Time: 00:16:02

Health: -4/139     AC: 21    Str: 19    XL:     10   Next: 64%
Magic:  10/10      EV: 11    Int: 10    God:    Zin [******]
Gold:   1077       SH:  0    Dex: 13    Spells: 9/9 levels left

rFire   . . .        M - +0 broad axe
rCold   . . .        d - orb {light}
rNeg    + + .        j - +5 scale mail of the Gate {Rampage rPois rN+}
rPois   +            B - +0 helmet
rElec   .            A - +2 cloak
rCorr   .            (no gloves)
SInv    .            (no boots)
Will    .....        (no amulet) Stlth
                     I - +4 ring of protection
HPRegen 0.43/turn    C - ring of positive energy
MPRegen 0.12/turn

%: rampage
@: berserking, lethally poisoned (-4 -> -6), glowing, very quick
A: no striking features
a: Renounce Religion, Recite, Vitalisation, Imprison, Sanctuary, Donate Gold


You were on level 9 of the Dungeon.
You worshipped Zin.
Zin was exalted by your worship.
You visited 2 branches of the dungeon, and saw 10 of its levels.
You also visited: Bailey.

You collected 1160 gold pieces.
You donated 83 gold pieces to Zin.

Inventory:

Hand Weapons
 h - the +1 arbalest of Tumult {antimagic, rF+ Dex+5}
   (You found it in a bailey)

   Dex+5:     It affects your dexterity (+5).
   rF+:       It protects you from fire.
 M - a +0 broad axe (weapon)
Missiles
 f - 33 poisoned darts (quivered)
 y - 3 silver javelins
 E - 20 curare-tipped darts
 K - 4 atropa-tipped darts
 L - 4 datura-tipped darts
Armour
 d - an orb of light (worn)
 j - the +5 scale mail of the Gate (worn) {Rampage rPois rN+}
   (You found it on level 2 of the Dungeon)

   rPois:     It protects you from poison rN+: It protects you from negative
   energy.
   Rampage:   It bestows one free step when moving towards enemies.
 A - a +2 cloak (worn)
 B - a +0 helmet (worn)
Jewellery
 C - a ring of positive energy (right hand)
 I - a +4 ring of protection (left hand)
Wands
 b - a wand of flame (41)
 t - a wand of charming (12)
Scrolls
 i - 2 scrolls of poison
 k - a scroll of fear
 l - 2 scrolls of fog
 o - a scroll of identify
 p - 2 scrolls of enchant weapon
 q - 5 scrolls of teleportation
 r - 3 scrolls of blinking {unknown}
 v - 2 scrolls of vulnerability {unknown}
 x - a scroll of amnesia {unknown}
 H - a scroll of acquirement {unknown}
 J - a scroll of revelation {unknown}
Potions
 a - a potion of curing {unknown}
 c - 2 potions of ambrosia
 e - a potion of degeneration {unknown}
 g - a potion of enlightenment {unknown}
 m - a potion of berserk rage
 n - a potion of heal wounds {unknown}
 s - 3 potions of invisibility
 u - a potion of resistance
 w - a potion of mutation
 z - a potion of lignification {unknown}
 D - a potion of brilliance {unknown}
 F - a potion of magic {unknown}
 G - a potion of might {unknown}


   Skills:
 * Level 10.2 Fighting
 + Level 14.4 Axes
 + Level 6.8 Armour
 + Level 4.3 Dodging
 + Level 0.9 Stealth


You had 9 spell levels left.
You didn't know any spells.
Your spell library contained the following spells:

 Spells                   Type           Power      Damage    Failure   Level
 Summon Small Mammal      Summ           0%         N/A       71%         1
 Lesser Beckoning         Tloc           0%         N/A       83%         2
 Call Canine Familiar     Summ           0%         N/A       97%         3
 Gell's Gravitas          Tloc           0%         N/A       97%         3
 Summon Guardian Golem    Hex/Summ       0%         N/A       97%         3
 Teleport Other           Tloc           0%         N/A       97%         3
 Tukima's Dance           Hex            0%         N/A       97%         3
 Dimensional Bullseye     Hex/Tloc       0%         N/A       100%        4
 Iskenderun's Mystic Bla  Conj/Tloc      0%         2d3       100%        4


Dungeon Overview and Level Annotations

Branches:
Dungeon (9/15)             Temple (1/1) D:4          Bailey (visited)
   Lair: D:8-11         Orc: D:9-12

Altars:
Ashenzari
Cheibriados
Dithmenos
Elyvilon
Fedhas
Gozag
Hepliaklqana
Kikubaaqudgha
Makhleb
Nemelex Xobeh
Okawaru
Qazlal
Ru
Sif Muna
Trog
Uskayaw
Vehumet
Wu Jian
Xom
Yredelemnul
Zin
The Shining One

Shops:
D:1 (((*   D:5 *   D:6 :


Message History

You are poisoned.
The eight-headed hydra closely misses you.
The eight-headed hydra bites you but does no damage. x3
The eight-headed hydra bites you.
* * * LOW HITPOINT WARNING * * *
The eight-headed hydra bites you!
* * * LOW HITPOINT WARNING * * *
The eight-headed hydra bites you but does no damage. x2
You hack one of the eight-headed hydra's heads off!
The seven-headed hydra grows two more!
You slice the nine-headed hydra!!
The nine-headed hydra is moderately wounded.
You feel sick.
The nine-headed hydra bites you but does no damage.
The nine-headed hydra completely misses you.
The nine-headed hydra bites you but does no damage.
The nine-headed hydra barely misses you.
The nine-headed hydra bites you but does no damage.
The nine-headed hydra bites you!
* * * LOW HITPOINT WARNING * * *
The nine-headed hydra bites you but does no damage.
The nine-headed hydra bites you.
* * * LOW HITPOINT WARNING * * *
The nine-headed hydra bites you. Zin protects you from harm!
You hack one of the nine-headed hydra's heads off!
The eight-headed hydra grows two more!
You slice the ten-headed hydra!!
The ten-headed hydra is heavily wounded.
* * * LOW HITPOINT WARNING * * *
You feel sick.
You hear a croak.
You chop one of the ten-headed hydra's heads off!
The nine-headed hydra grows two more!
You slice the 11-headed hydra!!
The 11-headed hydra is heavily wounded.
* * * LOW HITPOINT WARNING * * *
You feel sick.
The orc wizard points at you and mumbles some strange words.
You easily resist.
A bullfrog comes into view.
The 11-headed hydra bites you.
You die...

/. ...... ... #.
.#...#...
#.###.#...#.#
#.F...#..... #
..#Yo ...#
#.###!#$###..###
#...Ko#..).....#
#.DY..#...#.#
#@###.#...#.#####
#.....#..).......
....#.............
....#.###.........
##...#.............
........#..........
........#..........
##......#..........
#.........#######+


You could see a 11-headed hydra, a yak, a kobold brigand, a bullfrog and an orc
wizard (invisible).

Vanquished Creatures
  A two-headed ogre (D:9)
  An occultist (D:8)
  A manticore (D:9)
  Maurice (D:8)
  Jeremiah (D:8)
  Eustachio (D:5)
  3 steam dragons
  Edmund (D:5)
  2 acid dragons
  3 orc warriors (Bailey)
  2 ice beasts
  2 ogres
  7 kobold brigands
  Blork the orc (D:4)
  A bullfrog (D:7)
  3 scorpions (D:6)
  3 killer bees (D:9)
  3 electric eels (D:8)
  2 howler monkeys (D:8)
  2 orc priests (D:5)
  2 hounds
  Crazy Yiuf (D:5)
  A jelly (D:4)
  4 sleepcaps
  Ijyb (D:3)
  4 orc wizards
  10 gnolls
  12 adders
  A shadow imp (D:7)
  2 white imps (D:8)
  2 ufetubi (D:5)
  2 worms
  6 dart slugs
  11 orcs
  7 endoplasms
  4 giant cockroaches
  6 goblins
  6 hobgoblins
  24 kobolds
  7 quokkas
  2 ball pythons
  A bat (D:2)
  12 frilled lizards
  8 rats
177 creatures vanquished.

Vanquished Creatures (others)
  A kobold (Bailey)
1 creature vanquished.

Grand Total: 178 creatures vanquished

Notes
Turn   | Place    | Note
-------+----------+-------------------------------------------
     0 | D:1      | Pixllover the Hill Orc Monk began the quest for the Orb.
     0 | D:1      | Reached XP level 1. HP: 19/19 MP: 1/1
    19 | D:1      | Found Wuk Vaid's Weapon Shoppe.
    59 | D:1      | Found Fiaxuce's General Store.
    97 | D:1      | Reached XP level 2. HP: 25/27 MP: 2/2
   215 | D:1      | Found Mialy's Weapon Emporium.
   252 | D:1      | Found Odyhonn's Antique Weapon Boutique.
   396 | D:1      | Found a faded altar of an unknown god.
   402 | D:1      | Prayed at the altar of an unknown god.
   402 | D:1      | Became a worshipper of Zin the Law-Giver
   402 | D:1      | Reached * piety under Zin
   402 | D:1      | Reached ** piety under Zin
   485 | D:1      | Reached XP level 3. HP: 30/33 MP: 3/3
   921 | D:2      | Reached skill level 5 in Axes
   975 | D:2      | Reached XP level 4. HP: 22/40 MP: 4/4
  1222 | D:2      | Reached *** piety under Zin
  1230 | D:2      | Identified the +5 scale mail of the Gate {Rampage rPois
                  | rN+}
  1736 | D:3      | Found a shimmering altar of Xom.
  1737 | D:3      | Found a snail-covered altar of Cheibriados.
  1743 | D:3      | Found an opulent altar of Gozag.
  1743 | D:3      | Found a shimmering blue altar of Sif Muna.
  1743 | D:3      | Found a sparkling altar of Nemelex Xobeh.
  1744 | D:3      | Found a broken altar of Ashenzari.
  1746 | D:3      | Found an ornate altar of the Wu Jian Council.
  1747 | D:3      | Found a shadowy altar of Dithmenos.
  1748 | D:3      | Found a basalt altar of Yredelemnul.
  1846 | D:3      | Reached XP level 5. HP: 47/47 MP: 5/5
  1862 | D:3      | Reached skill level 6 in Axes
  2284 | D:3      | Noticed Ijyb
  2290 | D:3      | Killed Ijyb
  2434 | D:3      | Reached **** piety under Zin
  2480 | D:3      | Reached skill level 1 in Armour
  2535 | D:4      | Found a hide-covered altar of Uskayaw.
  2546 | D:4      | Reached XP level 6. HP: 55/55 MP: 6/6
  2573 | D:4      | Noticed Blork the orc
  2591 | D:4      | Killed Blork the orc
  2592 | D:4      | Reached skill level 7 in Axes
  2841 | D:4      | Found a staircase to the Ecumenical Temple.
  2845 | Temple   | Entered the Ecumenical Temple
  3417 | D:4      | Reached skill level 5 in Fighting
  3501 | D:4      | Reached ***** piety under Zin
  3568 | D:5      | Entered Level 5 of the Dungeon
  3575 | D:5      | Noticed an ice beast
  3585 | D:5      | Killed an ice beast
  3586 | D:5      | Reached XP level 7. HP: 61/61 MP: 7/7
  3604 | D:5      | Reached skill level 8 in Axes
  3685 | D:5      | Found Qethod's Gadget Gallery.
  4145 | D:5      | Noticed Eustachio
  4172 | D:5      | Killed Eustachio
  4173 | D:5      | Reached skill level 9 in Axes
  4173 | D:5      | Reached XP level 8. HP: 38/70 MP: 8/8
  4274 | D:5      | Noticed Edmund
  4287 | D:5      | Killed Edmund
  4357 | D:5      | Found a runed translucent door.
  4358 | D:5      | Noticed Crazy Yiuf
  4367 | D:5      | Killed Crazy Yiuf
  5190 | D:6      | Found Peskidoe's Book Shoppe.
  5208 | D:6      | Reached skill level 10 in Axes
  5516 | D:6      | Found the +5 robe of Misfortune {Harm *Corrode *Slow EV+5}
  5722 | D:6      | Reached skill level 11 in Axes
  5722 | D:6      | Reached XP level 9. HP: 36/78 MP: 9/9
  6159 | D:7      | Reached skill level 5 in Armour
  6587 | D:8      | Noticed Maurice
  6594 | D:8      | Maurice stole 11 poisoned darts
  6601 | D:8      | Maurice stole 210 gold
  6617 | D:8      | Killed Maurice
  6618 | D:8      | Reached skill level 12 in Axes
  6755 | D:8      | Noticed an occultist
  6772 | D:8      | Killed an occultist
  6789 | D:8      | Identified the -1 cloak of Surprise {rF+}
  7036 | D:8      | Reached skill level 13 in Axes
  7169 | D:8      | Found a flagged portal.
  7177 | Bailey   | Entered a bailey
  7208 | Bailey   | Reached XP level 10. HP: 74/90 MP: 10/10
  7254 | Bailey   | Found a bloodstained altar of Trog.
  7284 | Bailey   | Reached ****** piety under Zin
  7402 | Bailey   | Identified the +1 arbalest of Tumult {antimagic, rF+ Dex+5}
  7508 | D:8      | Noticed Jeremiah
  7528 | D:8      | Killed Jeremiah
  7703 | D:9      | Noticed a two-headed ogre
  7715 | D:9      | Killed a two-headed ogre
  7716 | D:9      | Reached skill level 14 in Axes
  7824 | D:9      | Reached skill level 10 in Fighting
  7826 | D:9      | Noticed a manticore
  7826 | D:9      | Noticed a four-headed hydra
  7833 | D:9      | Killed a manticore
  7846 | D:9      | HP: 4/139 [nine-headed hydra (10)]
  7846 | D:9      | Zin protects you from harm!
  7848 | D:9      | HP: 1/139 [poisoned by a kobold brigand]
  7848 | D:9      | Slain by an 11-headed hydra

Illustrated notes

Levels and vault maps discovered:
D:1:      dpeg_arrival_prison, layout_loops_ring, serial_shops, shop,
          nicolae_shop_trees, shop, nicolae_diamond_shop,
          shapermc_ecumenical_altar_mp_urbaneastern
D:2:      layout_basic, minmay_lizard_king
D:3:      layout_loops_corners, minitemple, hex_medium, uniq_ijyb
D:4:      layout_loops_ring, nicolae_uskayaw_murder_on_the_dancefloor,
          minmay_temple_entry_steel_oval, uniq_blork_the_orc
D:5:      layout_basic, nicolae_shop_gadgets, uniq_eustachio,
          uniq_crazy_yiuf_cottage, uniq_edmund
D:6:      layout_loops_corners, serial_shops, nicolae_shop_rolling_square
D:7:      layout_basic, minmay_statues_item
D:8:      cheibrodos_wizards_tower, layout_gridville, enter_bailey_2,
          kennysheep_crisscross, fountainhead, uniq_jeremiah, uniq_maurice
D:9:      hangedman_cross_stitches, layout_gridville, lair_entry_dummy,
          nicolae_elemental_shop, uniq_amaemon, uniq_joseph, uniq_erica
Temple:   nicolae_temple_bog_church

Skill      XL: |  1  2  3  4  5  6  7  8  9 10 |
---------------+-------------------------------+-----
Fighting       | 4 5 6 8 10 | 10.2
Axes           | 5 6 7 9 11 13 14 | 14.4
Dodging        | 3 4 |  4.3
Armour         | 1 2 3 4 6 |  6.8
Stealth        | |  0.9

Action                     |  1- 3 |  4- 6 |  7- 9 | 10-12 || total
---------------------------+-------+-------+-------+-------++-------
  Melee: Hand axe          |    86 |    13 |       |       ||    99
         War axe           |       |   138 |   250 |    20 ||   408
         Broad axe         |       |       |       |    53 ||    53
    Use: Scroll            |       |       |     7 |     3 ||    10
         Potion            |       |       |     2 |     2 ||     4
 Armour: Robe              |    36 |    14 |       |       ||    50
         Scale mail        |       |   100 |   217 |   114 ||   431
  Dodge: Dodged            |    47 |   105 |   152 |    68 ||   372

Table legend: (Time is in decaauts)
 A = Elapsed time spent in this place.
 B = Non-inter-level travel time spent in this place.
 C = Inter-level travel time spent in this place.
 D = Time resting spent in this place.
 E = Time spent auto-exploring this place.
 F = Levels seen in this place.
 G = Mean time per level.
                   A        B        C        D        E       F      G
               +--------+--------+--------+--------+--------+-----+--------+
         Total |   7881 |   7708 |    173 |    703 |   4889 |  11 |  716.5 |
       Dungeon |   7312 |   7139 |    173 |    691 |   4798 |   9 |  812.4 |
        Temple |    281 |    281 |      0 |      0 |      0 |   1 |  281.0 |
        Bailey |    287 |    287 |      0 |     12 |     90 |   1 |  287.0 |
               +--------+--------+--------+--------+--------+-----+--------+

Top non-repeatable levels by time:
     D:5: 1463 daAuts
     D:6: 1105 daAuts
     D:3: 883 daAuts
     D:1: 837 daAuts
     D:8: 813 daAuts
     D:4: 806 daAuts
     D:2: 803 daAuts
     D:7: 452 daAuts
  Bailey: 287 daAuts
  Temple: 281 daAuts
     D:9: 146 daAuts
